 Dungeon Crawl Stone Soup version 0.26-a0-946-g9485abf61d (webtiles) character file.

Game seed: 10891881963897711256

42 Descartes the Chucker (level 3, 0/33 HPs)
             Began as a Troll Hunter on Nov 28, 2020.
             Slain by a worm (1 damage)
             ... on level 2 of the Dungeon.
             The game lasted 00:02:21 (723 turns).

Descartes the Chucker (Troll Hunter)                 Turns: 723, Time: 00:02:21

Health: 0/33       AC:  6    Str: 20    XL:     3   Next: 35%
Magic:  2/2        EV: 10    Int:  7    God:
Gold:   41         SH:  0    Dex: 11    Spells: 2/2 levels left

rFire    . . .     SeeInvis .     - Unarmed
rCold    . . .     Faith    .   (no shield)
rNeg     . . .     Spirit   .   b - +0 robe
rPois    .         Reflect  .   (helmet restricted)
rElec    .         Harm     .   (no cloak)
rCorr    .         Rampage  .   (gloves unavailable)
MR       .....     Rnd*Tele +   (boots unavailable)
Stlth    +.........             (no amulet)
HPRegen  0.51/turn              f - ring of teleportation (curse)
MPRegen  0.08/turn              (no ring)

@: lethally poisoned (0 -> -2)
A: large, unfitting armour, claws 3, regeneration 1, shaggy fur 1, tough skin 3
a: no special abilities


You were on level 2 of the Dungeon.
You visited 1 branch of the dungeon, and saw 2 of its levels.

You collected 41 gold pieces.

Inventory:

Missiles
 a - 11 stones
 c - 5 large rocks (quivered)
 d - 2 throwing nets
 e - 7 poisoned darts
 i - 22 bolts
 k - 62 arrows
Armour
 b - a +0 robe (worn)
Jewellery
 f - a cursed ring of teleportation (left claw)
Wands
 m - a wand of iceblast (13)
Scrolls
 g - 3 scrolls of teleportation {unknown}
 j - 4 scrolls of identify {unknown}
Potions
 h - a potion of magic {unknown}
 l - a potion of attraction {unknown}
 n - a potion of cancellation {unknown}


   Skills:
 - Level 1.5 Fighting
 + Level 4.2 Throwing
 - Level 1.5 Dodging
 - Level 0.3 Stealth
 + Level 2.0 Unarmed Combat


You had 2 spell levels left.
You didn't know any spells.
Your spell library was empty.

Dungeon Overview and Level Annotations

Branches:
Dungeon (2/15)

Altars:


Innate Abilities, Weirdness & Mutations

You are too large for most types of armour.
You have claws for hands.
Your natural rate of healing is unusually fast.
You are covered in fur. (AC +1)
You have extremely tough skin. (AC +3)


Message History

The adder is moderately wounded.
The adder bites you but does no damage. The worm barely misses you.
You miss the adder.
The adder is moderately wounded.
The adder bites you but does no damage. The adder bites you.
* * * LOW HITPOINT WARNING * * *
You are poisoned.
The adder poisons you!
Unknown command.
You scratch the worm.
The worm is moderately wounded.
You feel sick. The worm bites you but does no damage. The adder bites you.
* * * LOW HITPOINT WARNING * * *
You are lethally poisoned!
The adder poisons you!
You claw the worm!
The worm is almost dead.
* * * LOW HITPOINT WARNING * * *
You feel sick. The adder closely misses you. The worm bites you.
You die...

####....# ....
#.......##......
+............bg.
####...##.##.......
.g..........# ...
#......##..
#.##.#.#.#
#w#......#
#@#†.#.###
#S#..#.######.#
#B#..#........#
#.#..#..#######
#.#..#..#####
..####......##
..+.......#..###.
..#####..........
...K..........####


You could see a worm, an adder and a giant cockroach.

Vanquished Creatures
  A ball python (D:1)
  6 bats
  3 giant cockroaches
  5 goblins
  6 jackals (D:2)
  A quokka (D:2)
  5 frilled lizards
  6 kobolds (D:1)
  6 rats
39 creatures vanquished.

Notes
Turn   | Place    | Note
-------+----------+-------------------------------------------
     0 | D:1      | Descartes the Troll Hunter began the quest for the Orb.
     0 | D:1      | Reached XP level 1. HP: 19/19 MP: 0/0
   118 | D:1      | Reached skill level 1 in Unarmed Combat
   122 | D:1      | Reached XP level 2. HP: 27/27 MP: 1/1
   217 | D:1      | Reached skill level 4 in Throwing
   594 | D:2      | Reached XP level 3. HP: 33/33 MP: 2/2
   722 | D:2      | HP: 1/33 [adder (2)]
   723 | D:2      | Slain by a worm

Illustrated notes

Levels and vault maps discovered:
D:1:      minmay_arrival_doors, layout_rooms, minmay_misc_feat_ornament,
          chequers_serial_rivers_small_a
D:2:      layout_basic, st_stairs_5, serial_bayou_pond_d,
          uniq_crazy_yiuf_cottage

Skill      XL: |  1  2  3 |
---------------+----------+-----
Unarmed Combat | 1 2 |  2.0
Throwing       | 4 |  4.2
Fighting       | |  1.5
Dodging        | |  1.5
Stealth        | |  0.3

Action                   || total
-------------------------++-------
Melee: Unarmed           ||   135
 Stab: Sleeping          ||     1
Armor: Robe              ||    84
Dodge: Dodged            ||    90

Table legend: (Time is in decaauts)
 A = Elapsed time spent in this place.
 B = Non-inter-level travel time spent in this place.
 C = Inter-level travel time spent in this place.
 D = Time resting spent in this place.
 E = Time spent auto-exploring this place.
 F = Levels seen in this place.
 G = Mean time per level.
                   A        B        C        D        E       F      G
               +--------+--------+--------+--------+--------+-----+--------+
         Total |    719 |    700 |     19 |      0 |    450 |   2 |  359.5 |
       Dungeon |    719 |    700 |     19 |      0 |    450 |   2 |  359.5 |
               +--------+--------+--------+--------+--------+-----+--------+

Top non-repeatable levels by time:
     D:1: 548 daAuts
     D:2: 171 daAuts
